 Dungeon Crawl Stone Soup version 0.27.1-16-g815e20cd7a (webtiles) character file.

Game seed: 373234031204886298

170 MisterFreud the Chopper (level 5, -3/45 HPs)
             Began as a Hill Orc Abyssal Knight on Nov 22, 2021.
             Was a Believer of Lugonu.
             Slain by a hound (4 damage)
             ... on level 5 of the Dungeon.
             The game lasted 00:04:40 (4354 turns).

MisterFreud the Chopper (Hill Orc Abyssal Knight)   Turns: 4354, Time: 00:04:41

Health: -3/45      AC: 15    Str: 16    XL:     5   Next: 51%
Magic:  6/6        EV:  7    Int: 12    God:    Lugonu [**....]
Gold:   210        SH:  0    Dex: 10    Spells: 4/4 levels left

rFire    + . .     SeeInvis .   a - +1 hand axe
rCold    . . .     Faith    .   (no shield)
rNeg     . . .     Spirit   .   p - +0 chain mail
rPois    .         Reflect  .   w - +0 helmet
rElec    .         Harm     .   (no cloak)
rCorr    .         Rampage  .   (no gloves)
Will     .....                  q - +0 pair of boots
Stlth    ..........             (no amulet)
HPRegen  0.15/turn              h - ring of protection from fire
MPRegen  0.10/turn              r - +4 ring of protection

@: hasted, very quick
A: no striking features
a: Renounce Religion, Depart the Abyss, Bend Space


You were on level 5 of the Dungeon.
You worshipped Lugonu.
Lugonu was pleased with you.
You visited 1 branch of the dungeon, and saw 5 of its levels.
You visited the Abyss 1 time.

You collected 210 gold pieces.

Inventory:

Hand Weapons
 a - a +1 hand axe (weapon)
Missiles
 u - 26 poisoned darts
Armour
 b - a +0 leather armour
 f - a +0 plate armour
 p - a +0 chain mail (worn)
 q - a +0 pair of boots (worn)
 w - a +0 helmet (worn)
Jewellery
 h - a ring of protection from fire (left hand)
 r - a +4 ring of protection (right hand)
Wands
 x - a wand of paralysis (4)
Scrolls
 d - 4 scrolls of noise {unknown}
 g - 5 scrolls of identify {unknown}
 i - 2 scrolls of enchant armour {unknown}
 j - a scroll of amnesia {unknown}
 n - 2 scrolls of immolation {unknown}
 s - a scroll of acquirement {unknown}
Potions
 c - a potion of haste
 e - a potion of flight {unknown}
 k - a potion of curing {unknown}
 l - 2 potions of cancellation {unknown}
 m - a potion of mutation {unknown}
 o - a potion of heal wounds {unknown}
 t - a potion of brilliance {unknown}
 v - a potion of magic {unknown}


   Skills:
 - Level 3.6 Fighting
 + Level 6.4 Axes
 + Level 3.6 Armour
 - Level 0.7 Dodging
 - Level 2.4 Invocations


You had 4 spell levels left.
You didn't know any spells.
Your spell library contained the following spells:

 Spells                   Type           Power      Damage    Failure   Level
 Ozocubu's Armour         Ice            0%         N/A       100%        3
 Ozocubu's Refrigeration  Ice            0%         4d5       100%        7


Dungeon Overview and Level Annotations

Branches:
Dungeon (5/15)
 Temple: D:4-7

Altars:
Nemelex Xobeh

Shops:
D:4 (

Annotations:
D:3 2 transporters, plantmann's ghost, amateur MiMo
D:5 Menkaure


Message History

The hound bites you but does no damage.
You hit the hound.
You kill the hound!
Lugonu accepts your kill.
Found a shiny bronze wand.
No target in view!
You see here a +0 helmet.
w - a +0 helmet You start putting on your armour.
You continue putting on your +0 helmet. x4
You finish putting on your +0 helmet.
HP restored.
Found 16 poisoned darts.
Found a leather armour.
Found a stone staircase leading down.
x - a wand of paralysis (4)
You see here 11 arrows.
u - 26 poisoned darts (gained 16)
Found a stone staircase leading up.
Menkaure, Prince of Dust comes into view.
Menkaure shouts!
Menkaure is nearby!
You start waiting.
Menkaure is nearby!
Menkaure calls on the powers of darkness!
Your body is wracked with pain!
You hit Menkaure.
Menkaure is lightly damaged.
Menkaure hits you!
You are too injured to fight recklessly!
You barely miss Menkaure.
Menkaure is lightly damaged.
A hound comes into view.
The hound barks!
You slash Menkaure!
Menkaure is heavily damaged.
Menkaure hums, "It doesn't hurt if you pull your brain out of your nose yourself."
Menkaure casts a spell at you. Pain shoots through your body!
* * * LOW HITPOINT WARNING * * *
It was a potion of haste.
You feel yourself speed up. The hound bites you.
You die...

## .. .. .# . .### .# .#
.#.##.###.###
.........<.. #.#.......#
###.##.#.......#
.......h.......###
.......#@>.......# .
.......#.......#.#####..#
.......#...[...#........#
.......#................#
.......###.#####(.......#
....... #.#####.###....#
....... #...............
#.######.##..... #.# #.#
...


You could see a hound.

Vanquished Creatures
  A hound (D:5)
  An orc priest (D:4)
  4 adders
  3 worms (D:3)
  A dart slug (D:1)
  5 orcs
  3 endoplasms
  A giant cockroach (D:2)
  6 goblins
  5 hobgoblins
  5 jackals (D:1)
  3 quokkas
  3 ball pythons
  7 bats
  A frilled lizard (D:3)
  5 kobolds
  5 rats
59 creatures vanquished.

Notes
Turn   | Place    | Note
-------+----------+-------------------------------------------
     0 | Abyss:1  | MisterFreud the Hill Orc Abyssal Knight began the quest for
                  | the Orb.
     0 | Abyss:1  | Reached XP level 1. HP: 19/19 MP: 2/2
    40 | D:1      | Escaped the Abyss
   153 | D:1      | Reached skill level 3 in Axes
   543 | D:1      | Found a faded altar of an unknown god.
   608 | D:1      | Reached XP level 2. HP: 26/26 MP: 3/3
   761 | D:1      | Reached skill level 4 in Axes
   975 | D:1      | Reached XP level 3. HP: 16/31 MP: 4/4
  1423 | D:2      | Found a sparkling altar of Nemelex Xobeh.
  1692 | D:2      | Reached skill level 5 in Axes
  2500 | D:3      | Reached XP level 4. HP: 18/39 MP: 5/5
  2696 | D:3      | Found a transporter.
  2696 | D:3      | Noticed plantmann's ghost (amateur MiMo)
  3289 | D:3      | Found a transporter.
  3528 | D:4      | Found Voholir's Antique Weapon Emporium.
  3618 | D:4      | Reached skill level 6 in Axes
  3618 | D:4      | Reached XP level 5. HP: 30/45 MP: 6/6
  3621 | D:4      | Reached ** piety under Lugonu
  3777 | D:4      | Noticed a yak
  3777 | D:4      | Noticed a yak
  3778 | D:4      | Noticed a yak
  3779 | D:4      | Noticed a yak
  4194 | D:5      | Entered Level 5 of the Dungeon
  4340 | D:5      | Noticed Menkaure
  4352 | D:5      | HP: 1/45 [Menkaure/nerve-wracking pain (13)]
  4354 | D:5      | Slain by a hound

Illustrated notes

Levels and vault maps discovered:
D:1:      psy_arrival_statuary, layout_basic,
          shapermc_ecumenical_altar_hornbeckon, minmay_large_rounded_square
D:2:      layout_basic, basic_altar, chequers_serial_rivers_large_a
D:3:      layout_basic, gammafunk_ghost_mausoleum, grunt_ministairs_13,
          hangedman_decor_diamond_cutter, roderic_roman_lattice,
          kennysheep_doodads
D:4:      layout_cave_pods, serial_shops, shop
D:5:      layout_loops_cross, lemuel_tele_altar, uniq_menkaure

Skill      XL: |  1  2  3  4 |
---------------+-------------+-----
Axes           | 3 4 5 6 |  6.4
Armour         | 3 |  3.6
Fighting       | |  3.6
Dodging        | |  0.7
Invocations    | |  2.4

Action                   |  1- 3 |  4- 6 || total
-------------------------+-------+-------++-------
Melee: Hand axe          |   148 |   107 ||   255
  Use: Potion            |       |     1 ||     1
Armor: Leather armour    |    27 |       ||    27
       Chain mail        |    20 |    48 ||    68
Dodge: Dodged            |    89 |    36 ||   125
